 Dungeon Crawl Stone Soup version 0.32-a0-361-g289a535e89 (webtiles) character file.

Game seed: 15188013772627899977

22 ytrimaz the Trooper (level 2, 0/24 HPs)
             Began as a Coglin Fighter on Feb 18, 2024.
             Frozen to death by an endoplasm (3 damage)
             ... on level 2 of the Dungeon.
             The game lasted 00:01:05 (934 turns).

ytrimaz the Trooper (Coglin Fighter)                 Turns: 934, Time: 00:01:06

Health: 0/24       AC:  6    Str: 13 (16) XL:     2   Next: 91%
Magic:  2/2        EV:  8    Int:  6 (7)  God:
Gold:   37         SH:  4    Dex: 11 (13) Spells: 1/1 levels left

rFire   . . .        a - +0 war axe {Ealdgyð}
rCold   . . .        c - +0 buckler
rNeg    . . .        b - +0 scale mail
rPois   .            (no helmet)
rElec   .            (no cloak)
rCorr   .            (no gloves)
SInv    .            (no boots)
Will    +....        (no amulet) Stlth
                     (no ring)
HPRegen 0.24/turn    (no ring)
MPRegen 0.08/turn

%: no passive effects
@: enlightened, flying, revved, stiff-legged, very slow
A: off-hand wielding, slow wielding, warmup strikes, warmup strides
a: no special abilities


You were on level 2 of the Dungeon.
You visited 1 branch of the dungeon, and saw 2 of its levels.

You collected 37 gold pieces.


Innate Abilities, Weirdness & Mutations

You can wield a second weapon in your off-hand.
It takes a long time for you to wield or remove held weapons.
Your first few attacks do less damage.
Your first movements take longer.


   Skills:
 + Level 3.5 Fighting
 + Level 2.7 Axes
 - Level 2.6 Armour
 - Level 2.1 Shields


You had one spell level left.
You didn't know any spells.
Your spell library contained the following spells:

 Spells                   Type           Power      Damage    Failure   Level
 Magic Dart               Conj           0%         1d3       97%         1
 Searing Ray              Conj           0%         2d4       99%         2
 Fulminant Prism          Conj/Alch      0%         3d5       100%        4

Inventory:

Hand Weapons
 a - a +0 war axe (weapon) {Ealdgyð}
Armour
 b - a +0 scale mail (worn)
 c - a +0 buckler (worn)
Scrolls
 f - a scroll of teleportation {unknown}
Potions
 d - a potion of might
 g - a potion of enlightenment
 h - a potion of heal wounds {unknown}

Dungeon Overview and Level Annotations

Branches:
Dungeon (2/15) Zot: 11009

Altars:

... ..#### ...#.##
#.....### #
#........
#.##........
#...JS....#
######@S#
#......#####
#.####..#..#########
#......#.#.....
#.............
####.#........
#.....#####
#######..#
.........#


You could see 2 adders and an endoplasm.


Message History

There is an open door here.
Key pressed, stopping explore.
h - an orange potion
Things that are here:
a +0 club; a goblin skeleton
Things that are here:
a +0 club; a goblin skeleton Key pressed, stopping explore.
There is an open door here.
Key pressed, stopping explore.
Key pressed, stopping explore.
You open the door.
There is an open door here.
There is an open door here.
You open the door.
There is an open door here.
Key pressed, stopping explore.
Done exploring.
Done exploring.
Done exploring.
Done exploring.
There is an open door here.
There is an open door here.
You open the door.
There is an open door here.
There is an open door here.
There is a stone staircase leading down here.
You climb downwards.
There is a stone staircase leading up here.
You now have 37 gold pieces (gained 3).
An adder comes into view.
The adder hisses angrily.
An adder comes into view.
A goblin comes into view. It is wielding a +0 dagger.
The goblin shouts!
The adder closely misses you.
You miss the adder. You barely miss the adder.
The adder bites you but does no damage. x3; The adder barely misses you.
You barely miss the adder. You closely miss the adder.
The adder bites you but does no damage. The adder barely misses you.
The adder bites you but does no damage. x2
You miss the adder. You closely miss the adder. The adder bites you.
You are poisoned.
The adder poisons you! The adder bites you but does no damage.
An endoplasm comes into view.
The goblin hits you but does no damage. 😕 HP[-1]
You take 1 damage, and now have 23/24 hp.
You completely miss the adder.
The endoplasm quivers.
You hit the adder. You closely miss the goblin.
You feel sick. You block the adder's attack.
The adder bites you but does no damage. x2
The goblin hits you with a +0 dagger.
The adder bites you but does no damage. 😕 HP[-4]
You take 4 damage, and now have 19/24 hp.
You barely miss the adder. You slash the goblin!
You kill the goblin!
You slash the adder!
You feel sick. The adder barely misses you. The adder bites you.
You block the adder's attack.
The adder bites you but does no damage. 😮 HP[-3]
You take 3 damage, and now have 16/24 hp.
You closely miss the adder. You hit the adder.
You feel sick.
You are no longer poisoned.
The adder bites you.
* * * LOW HITPOINT WARNING * * *
You block the adder's attack. The adder bites you but does no damage.
The adder closely misses you. 😨 HP[-4]
You take 4 damage, and now have 12/24 hp.
You are too injured to fight recklessly!
You closely miss the adder. You miss the adder. You block the adder's attack.
The adder bites you but does no damage. You block the adder's attack.
The adder barely misses you.
Unknown command.
You are too injured to fight recklessly!
You miss the adder. You closely miss the adder. The adder bites you.
* * * LOW HITPOINT WARNING * * *
The adder barely misses you.
The adder bites you but does no damage. 😨 HP[-3]
You take 3 damage, and now have 9/24 hp.
It was a potion of enlightenment.
You feel very buoyant.
You fly up into the air.
The adder barely misses you. The adder closely misses you.
The endoplasm freezes you.
You are frozen.
* * * LOW HITPOINT WARNING * * *
The adder bites you.
* * * LOW HITPOINT WARNING * * *
😱 HP[-6]
You take 6 damage, and now have 3/24 hp.
MASSIVE DAMAGE!! (PAUSE) It was a potion of degeneration.
There was something very wrong with that liquid.
You feel weakened.
You feel dopey.
You feel clumsy.
The adder bites you but does no damage. x2
The endoplasm freezes you.
You are frozen.
You die...

Action                     || total
---------------------------++-------
  Melee: War axe           ||    40
    Use: Potion            ||     2
 Armour: Scale mail        ||    66
  Dodge: Dodged            ||    28
  Block: Buckler           ||    18

Levels and vault maps discovered:
D:1:      dpeg_arrival_central, layout_basic, minmay_pentomino_t2
D:2:      layout_basic, nicolae_half_adder, uniq_terence, uniq_sigmund

Notes
Turn   | Place    | Note
-------+----------+-------------------------------------------
     0 | D:1      | ytrimaz the Coglin Fighter began the quest for the Orb.
     0 | D:1      | Reached XP level 1. HP: 18/18 MP: 1/1
     0 | D:1      | magus.rc [v1.9.6]
   267 | D:1      | Reached XP level 2. HP: 22/24 MP: 2/2
   285 | D:1      | You pick up a book of Conjurations and begin reading...
   285 | D:1      | You add the spells Magic Dart, Searing Ray and Fulminant
                  | Prism to your library.
   933 | D:2      | HP: 5/24 [frozen (5)]
   934 | D:2      | Frozen to death by an endoplasm

Vanquished Creatures
  A giant cockroach (D:1)
  4 goblins
  A hobgoblin (D:1)
  A ball python (D:1)
  2 bats (D:1)
  A frilled lizard (D:1)
  A kobold (D:1)
  2 rats (D:1)
13 creatures vanquished.

Table legend:
 A = Non-vault XP
 B = Vault XP
 C = Vault XP percentage of total XP
 D = Non-vault monster count
 E = Vault monster count
 F = Vault count percentage of total count
                 A         B        C        D         E       F
            +---------+---------+-------+---------+---------+-------
      Total |      27 |       5 |  15.6 |      11 |       2 |  15.4
            +---------+---------+-------+---------+---------+-------
        D:1 |      24 |       5 |  17.2 |      10 |       2 |  16.7
        D:2 |       3 |       0 |   0.0 |       1 |       0 |   0.0
            +---------+---------+-------+---------+---------+-------

Action                     || total
---------------------------++-------
  Melee: War axe           ||    40
    Use: Potion            ||     2
 Armour: Scale mail        ||    66
  Dodge: Dodged            ||    28
  Block: Buckler           ||    18

Illustrated notes

Table legend:
 A = Kills in this place as a percentage of kills in the entire game.
 B = Kills by you in this place as a percentage of kills by you in the entire game.
 C = Kills by friends in this place as a percentage of kills by friends in the entire game.
 D = Other kills in this place as a percentage of other kills in the entire game.
 E = Experience gained in this place as a percentage of experience gained in the entire game.
 F = Experience gained in this place divided by the number of levels of this place that you have seen.
                   A       B       C       D       E      F
               +-------+-------+-------+-------+-------+----------------------
         Total | 100.0 | 100.0 |   N/A |   N/A | 100.0 |  16.0
       Dungeon | 100.0 | 100.0 |   N/A |   N/A | 100.0 |  16.0
               +-------+-------+-------+-------+-------+----------------------

Table legend: (Time is in decaauts)
 A = Elapsed time spent in this place.
 B = Non-inter-level travel time spent in this place.
 C = Inter-level travel time spent in this place.
 D = Time resting spent in this place.
 E = Time spent auto-exploring this place.
 F = Levels seen in this place.
 G = Mean time per level.
                   A        B        C        D        E       F      G
               +--------+--------+--------+--------+--------+-----+--------+
         Total |    989 |    936 |     53 |      0 |    792 |   2 |  494.5 |
       Dungeon |    989 |    936 |     53 |      0 |    792 |   2 |  494.5 |
               +--------+--------+--------+--------+--------+-----+--------+

Top non-repeatable levels by time:
     D:1: 950 daAuts
     D:2: 39 daAuts
